 Dungeon Crawl Stone Soup version 0.30.0-29-ga12c61a403 (webtiles) character file.

Game seed: 5933386246117001709

378 Peloso the Covered (level 6, -6/56 HPs)
             Began as a Minotaur Fighter on June 21, 2023.
             Mangled by a large abomination (19 damage)
             ... on level 2 of the Abyss.
             The game lasted 00:06:00 (2717 turns).

Peloso the Covered (Minotaur Fighter)               Turns: 2717, Time: 00:06:01

Health: -6/56      AC: 11    Str: 18    XL:     6   Next: 45%
Magic:  5/5        EV:  9    Int:  3    God:
Gold:   96         SH: 11    Dex: 20    Spells: 5/5 levels left

rFire   . . .        a - +0 long sword
rCold   . . .        d - +0 buckler
rNeg    . . .        b - +0 scale mail
rPois   .            (helmet restricted)
rElec   .            (no cloak)
rCorr   .            (no gloves)
SInv    .            (no boots)
Will    .....        o - amulet of reflection Stlth
                     q - +4 ring of protection
HPRegen 0.29/turn    (no ring)
MPRegen 0.09/turn

%: reflection
@: no status effects
A: horns 2, retaliatory headbutt, agile 2, mutation resistance 1
a: no special abilities


You were on level 2 of the Abyss.
You visited 1 branch of the dungeon, and saw 4 of its levels.
You visited the Abyss 1 time.

You collected 96 gold pieces.

Inventory:

Hand Weapons
 a - a +0 long sword (weapon)
 c - a +1 dagger of flaming
Armour
 b - a +0 scale mail (worn)
 d - a +0 buckler (worn)
Jewellery
 o - an amulet of reflection (around neck)
 q - a +4 ring of protection (left hand)
 s - an amulet of guardian spirit
Wands
 j - a wand of paralysis (12)
Scrolls
 e - a scroll of noise {unknown}
 f - 2 scrolls of enchant armour {unknown}
 h - a scroll of vulnerability {unknown}
 i - 2 scrolls of teleportation {unknown}
 l - a scroll of immolation
 n - a scroll of blinking
 p - a scroll of silence
Potions
 g - 4 potions of might
 k - a potion of attraction {unknown}
 m - a potion of curing
 r - 2 potions of mutation


   Skills:
 + Level 5.0 Fighting
 + Level 5.3 Long Blades
 + Level 5.4 Armour
 + Level 0.4 Dodging
 + Level 0.1 Stealth
 + Level 4.8 Shields


You had 5 spell levels left.
You didn't know any spells.
Your spell library was empty.

Dungeon Overview and Level Annotations

Branches:
Dungeon (4/15)
 Temple: D:4-7

Altars:
Uskayaw

Shops:
D:1 (   D:3 =


Innate Abilities, Weirdness & Mutations

You have a pair of horns on your head.
You reflexively headbutt those who attack you in melee.
You are very agile. (Dex +8, Str/Int -2)
You are somewhat resistant to further mutation.


Message History

The small abomination barely misses you.
The small abomination hits you!
* * * LOW HITPOINT WARNING * * *
You slash the small abomination!
You destroy the small abomination!
Your Fighting skill increases to level 5!
A tentacled starspawn comes into view.
Tentacles burst from the starspawn's body! 2 starspawn tentacles come into view.
The starspawn tentacle barely misses you.
The starspawn tentacle grabs you. The starspawn tentacle constricts you.
You escape the starspawn tentacle's grasp.
The starspawn tentacle closely misses you.
The starspawn tentacle grabs you. The starspawn tentacle constricts you.
* * * LOW HITPOINT WARNING * * *
You escape the starspawn tentacle's grasp.
A large abomination comes into view.
A ynoxinul comes into view.
The ynoxinul bellows!
The ynoxinul gestures.
The starspawn tentacle grabs you. The starspawn tentacle constricts you.
* * * LOW HITPOINT WARNING * * *
The starspawn tentacle loses its grip on you.
The tentacle pulls you backwards!
A tentacle flies out from the starspawn's body!
A starspawn tentacle comes into view.
You block the ufetubus's attack. x2
You hit the starspawn tentacle.
The starspawn tentacle is lightly damaged.
You block the ufetubus's attack.
The ufetubus hits you but does no damage.
The starspawn tentacle grabs you. The starspawn tentacle constricts you.
* * * LOW HITPOINT WARNING * * *
The starspawn tentacle loses its grip on you.
The tentacle pulls you backwards!
The large abomination completely misses you.
You furiously retaliate!
You headbutt the large abomination. The ufetubus closely misses you.
You block the ufetubus's attack. The large abomination hits you!!
You die...

#.#..#.# 8#
#.#..#.# ..# #
#..###..#
#........8# ####
#.........#
###..5###.X.8.8.##
#......##w......#
#5.#....##.#
#.@X##.## .#
#.....## #######


You could see a tentacled starspawn, a large abomination, a starspawn tentacle
and 2 ufetubi.

Vanquished Creatures
  Grinder (D:3)
  A small abomination (Abyss:2)
  An iguana (D:4)
  2 adders
  A gnoll (D:1)
  A worm (D:3)
  2 dart slugs
  2 orcs
  4 endoplasms
  5 giant cockroaches
  3 hobgoblins
  11 kobolds
  5 quokkas
  2 ball pythons
  3 bats
  3 frilled lizards
  5 goblins
  5 rats
57 creatures vanquished.

Vanquished Creatures (others)
  2 starspawn tentacles (Abyss:2)
2 creatures vanquished.

Grand Total: 59 creatures vanquished

Notes
Turn   | Place    | Note
-------+----------+-------------------------------------------
     0 | D:1      | Peloso the Minotaur Fighter began the quest for the Orb.
     0 | D:1      | Reached XP level 1. HP: 19/19 MP: 0/0
     7 | D:1      | Noticed an ettin
     7 | D:1      | Noticed a servant of whispers
     7 | D:1      | Noticed a komodo dragon
    96 | D:1      | Found Vefoiva's Antique Weapon Shoppe.
   237 | D:1      | Reached XP level 2. HP: 25/27 MP: 1/1
   454 | D:1      | Found a faded altar of an unknown god.
   648 | D:1      | Reached XP level 3. HP: 33/33 MP: 2/2
   732 | D:1      | Gained mutation: You are agile. (Dex +4, Str/Int -1)
                  | [potion of mutation]
   732 | D:1      | Gained mutation: You are very agile. (Dex +8, Str/Int -2)
                  | [potion of mutation]
   732 | D:1      | Gained mutation: You are somewhat resistant to further
                  | mutation. [potion of mutation]
   777 | D:2      | Found a hide-covered altar of Uskayaw.
  1672 | D:3      | Reached XP level 4. HP: 31/41 MP: 3/3
  1790 | D:3      | Found a hide-covered altar of Uskayaw.
  1872 | D:3      | Found Nepowar's Jewellery Emporium.
  2163 | D:3      | Noticed Grinder
  2175 | D:3      | Killed Grinder
  2176 | D:3      | Reached skill level 5 in Armour
  2176 | D:3      | Reached XP level 5. HP: 6/47 MP: 4/4
  2176 | D:3      | Reached XP level 6. HP: 7/55 MP: 5/5
  2605 | D:4      | Reached skill level 5 in Long Blades
  2643 | Abyss:2  | Cast into level 2 of the Abyss (orc wizard)
  2654 | Abyss:2  | Found a corrupted altar of Lugonu.
  2693 | Abyss:2  | Reached skill level 5 in Fighting
  2699 | Abyss:2  | Noticed a tentacled starspawn
  2709 | Abyss:2  | Noticed a large abomination
  2712 | Abyss:2  | Noticed a ynoxinul
  2717 | Abyss:2  | Mangled by a large abomination

Illustrated notes

Levels and vault maps discovered:
D:1:      onia_arrival_zoo_common, layout_loops_ring,
          hellmonk_ecumenical_altar_crossroads, serial_shops,
          nicolae_shop_back_alley_shop
D:2:      layout_basic, basic_altar, corexii_corridor_pit
D:3:      layout_basic, nicolae_uskayaw_murder_on_the_dancefloor, serial_shops,
          shop, st_stairs_13, uniq_grinder
D:4:      layout_loops_ring, minmay_temple_entry_antechambers,
          lightli_sewer_entry_pipes
Abyss:2:  base:
D:1

Skill      XL: |  1  2  3  4  5  6 |
---------------+-------------------+-----
Fighting       | 4 5 |  5.0
Armour         | 4 5 |  5.4
Long Blades    | 3 4 5 |  5.3
Shields        | 4 |  4.8
Dodging        | |  0.4
Stealth        | |  0.1

Action                     |  1- 3 |  4- 6 || total
---------------------------+-------+-------++-------
  Melee: Long sword        |    85 |    54 ||   139
         Headbutt          |    15 |     9 ||    24
    Use: Potion            |     5 |     1 ||     6
         Scroll            |     3 |       ||     3
 Armour: Scale mail        |    34 |    29 ||    63
  Dodge: Dodged            |    32 |    25 ||    57
  Block: Buckler           |    21 |    17 ||    38
